 Dungeon Crawl Stone Soup version 0.19-a0-1886-gd64a0f0 (webtiles) character file.

30 JeffiDaFish the Conjurer (level 3, 0/26 HPs)
             Began as a Draconian Conjurer on Oct 17, 2016.
             Slain by a ball python (2 damage)
             ... on level 2 of the Dungeon.
             The game lasted 00:04:00 (1171 turns).

JeffiDaFish the Conjurer (Draconian Conjurer)       Turns: 1171, Time: 00:04:00

Health: 0/26       AC:  5    Str: 11    XL:     3   Next: 5%
Magic:  0/6        EV:  9    Int: 15    God:
Gold:   57         SH:  0    Dex: 11    Spells: 1 memorised, 5 levels left

rFire  . . .     SeeInvis .     f - +0 whip (flame)
rCold  . . .     Gourm    .     (armour unavailable)
rNeg   . . .     Faith    .     (no shield)
rPois  .         Spirit   .     (helmet restricted)
rElec  .         Dismiss  .     (no cloak)
rCorr  .         Reflect  .     (no gloves)
MR     .....     Harm     .     (no boots)
Stlth  ++........               (no amulet)
                                (no ring)
                                (no ring)

@: constricted
A: unfitting armour, cold-blooded, AC +5
a: no special abilities


You were on level 2 of the Dungeon.
You were hungry.

You visited 1 branch of the dungeon, and saw 2 of its levels.

You collected 57 gold pieces.

Inventory:

Hand Weapons
 f - a +0 whip of flaming (weapon)
Scrolls
 e - a scroll of identify
 h - a scroll of recharging
 i - a scroll of amnesia
Books
 a - a book of Conjurations

   Spells                             Type                      Level
   a - Magic Dart                     Conjuration                  1
   b - Searing Ray                    Conjuration                  2
   c - Dazzling Spray                 Conjuration/Hexes            3
   d - Fulminant Prism                Conjuration/Hexes            4
   e - Iskenderun's Mystic Blast      Conjuration                  4
   f - Iskenderun's Battlesphere      Conjuration/Charms           5
Comestibles
 b - a bread ration
 c - 4 chunks of flesh
 d - 3 fruits
 g - a slice of pizza


   Skills:
 + Level 0.4 Maces & Flails
 + Level 2.1 Dodging
 + Level 1.8 Stealth
 + Level 0.4 Unarmed Combat
 + Level 2.0 Spellcasting
 + Level 4.6 Conjurations


You had 5 spell levels left.
You knew the following spells:

 Your Spells              Type           Power        Failure   Level  Hunger
a - Magic Dart            Conj           ###.         3%          1    #......


Dungeon Overview and Level Annotations

Branches:
Dungeon (2/15)

Altars:


Innate Abilities, Weirdness & Mutations

Your plain brown scales are hard. (AC +5)
You cannot fit into any form of body armour.
You are cold-blooded and may be slowed by cold attacks.


Message History

Aiming: Magic Dart
Press: ? - help, Shift-Dir - straight line, f/p - ball python
Aim: a ball python (moderately wounded, constricting you)
The magic dart hits the ball python.
The ball python is severely wounded.
The quokka bites you.
* * * LOW HITPOINT WARNING * * *
The ball python barely misses you.
* * * LOW HITPOINT WARNING * * *
The ball python constricts you.
Casting: Magic Dart
Confirm with . or Enter, or press ? or * to list all spells.
Aiming: Magic Dart
Press: ? - help, Shift-Dir - straight line, f - quokka, p - ball python
Aim: a quokka The magic dart hits the quokka.
The quokka is severely wounded.
The quokka bites you but does no damage.
The ball python bites you.
You die...

.?..... .>$....
......# ......#
######## r.S...#
#..(...##......#
#...<..S#......#
+.....@.'.......
#......r#...####
#.....รท....##
..........#####
.........(..
.....##.......
..... #.......#
....[ ........#
.... .........#


You could see a quokka and a ball python.

Vanquished Creatures
  An adder (D:2)
  A worm (D:2)
  4 bats (D:1)
  A giant cockroach (D:1)
  A goblin (D:1)
  6 hobgoblins (D:1)
  2 ball pythons
  A kobold (D:1)
  2 rats (D:1)
19 creatures vanquished.

Notes
Turn   | Place    | Note
-------+----------+-------------------------------------------
     0 | D:1      | JeffiDaFish the Draconian Conjurer began the quest for the Orb.
     0 | D:1      | Reached XP level 1. HP: 14/14 MP: 3/3
   258 | D:1      | Reached XP level 2. HP: 20/20 MP: 5/5
  1168 | D:2      | Reached XP level 3. HP: 6/26 MP: 3/6
  1171 | D:2      | Slain by a ball python

Vault maps used:
D:1:      lightli_arrival_flooded_house, serial_glass, glass_columns_a,
          glass_columns_b
D:2:      kennysheep_generic_room_8

Skill      XL: |  1  2 |
---------------+-------+-----
Dodging        | 2 |  2.1
Maces & Flails | |  0.4
Stealth        | |  1.8
Unarmed Combat | |  0.4
Spellcasting   | |  2.0
Conjurations   | |  4.6

Action                   || total
-------------------------++-------
Melee: Unarmed           ||    63
       Tailslap          ||     6
       Whip              ||    30
 Cast: Magic Dart        ||    27
  Use: Potion            ||     4
       Scroll            ||     6
 Stab: Sleeping          ||     2
  Eat: Fruit             ||     1
Armor: Skin              ||    45
Dodge: Dodged            ||    81
